 Dungeon Crawl Stone Soup version 0.21.1-1-g345015fe64 (webtiles) character file.

247 Knicklaso the Ruffian (level 5, -1/48 HPs)
             Began as a Minotaur Transmuter on Apr 15, 2018.
             Succumbed to a gnoll's poison
             ... on level 3 of the Dungeon.
             The game lasted 00:09:01 (3055 turns).

Knicklaso the Ruffian (Minotaur Transmuter)         Turns: 3055, Time: 00:09:02

Health: -1/48      AC:  2    Str: 16    XL:     5   Next: 85%
Magic:  6/6        EV: 12    Int: 13    God:
Gold:   183        SH:  0    Dex: 11    Spells: 3/6 levels left

rFire    . . .     SeeInvis .     - Unarmed
rCold    . . .     Gourm    .   (no shield)
rNeg     . . .     Faith    .   b - +0 robe
rPois    .         Spirit   .   (helmet restricted)
rElec    .         Reflect  .   (no cloak)
rCorr    .         Harm     .   (no gloves)
MR       +....                  (no boots)
Stlth    +.........             (no amulet)
HPRegen  0.16/turn              (no ring)
MPRegen  0.10/turn              (no ring)

@: lethally poisoned (-1 -> -31)
A: retaliatory headbutt, horns 2, clever 1, magic resistance 1, strong 1
a: no special abilities


You were on level 3 of the Dungeon.
You were not hungry.

You visited 1 branch of the dungeon, and saw 3 of its levels.

You collected 183 gold pieces.

Inventory:

Missiles
 a - 47 arrows
 h - 83 stones (quivered)
 k - 12 poisoned needles
 o - 8 tomahawks
Armour
 b - a +0 robe (worn)
 l - a +2 ring mail of fire resistance
Jewellery
 i - a +3 ring of protection {unknown}
Scrolls
 e - 2 scrolls of blinking {unknown}
 g - 2 scrolls of teleportation {unknown}
 j - 2 scrolls of magic mapping {unknown}
 m - 2 scrolls of enchant armour {unknown}
 n - 2 scrolls of fear {unknown}
Books
 c - a book of Changes

   Spells                             Type                      Level
   a - Beastly Appendage              Transmutation                1
   b - Sticks to Snakes               Transmutation                2
   c - Spider Form                    Transmutation/Poison         3
   d - Ice Form                       Ice/Transmutation            4
   e - Blade Hands                    Transmutation                5
 p - a book of Debilitation

   Spells                             Type                      Level
   a - Corona                         Hexes                        1
   b - Slow                           Hexes                        2
   c - Inner Flame                    Hexes/Fire                   3
   d - Portal Projectile              Hexes/Translocation          3
   e - Cause Fear                     Hexes                        4
   f - Leda's Liquefaction            Hexes/Earth                  4
Comestibles
 d - 7 rations


   Skills:
 + Level 5.0 Fighting
 - Level 2.1 Dodging
 + Level 5.6 Unarmed Combat
 - Level 1.3 Spellcasting
 - Level 1.5 Transmutations


You had 3 spell levels left.
You knew the following spells:

 Your Spells              Type           Power        Failure   Level  Hunger
a - Beastly Appendage     Tmut           #.....       14%         1    ##.....
b - Sticks to Snakes      Tmut           #.......     22%         2    ###....


Dungeon Overview and Level Annotations

Branches:
Dungeon (3/15)

Altars:


Innate Abilities, Weirdness & Mutations

You reflexively headbutt those who attack you in melee.
You have a pair of horns on your head.
Your mind is acute. (Int +2)
You are resistant to hostile enchantments. (MR+)
Your muscles are strong. (Str +2)


Message History

The gnoll closely misses you. You furiously retaliate!
You headbutt the gnoll! You hit the gnoll but do no damage.
You kill the gnoll!
* * * LOW HITPOINT WARNING * * *
You feel very sick.
A giant cockroach comes into view.
It was a potion of mutation.
You feel extremely strange.
You feel resistant to hostile enchantments.
You feel clever.
You feel stronger.
* * * LOW HITPOINT WARNING * * *
You feel very sick.
* * * LOW HITPOINT WARNING * * *
You feel very sick.
Things that are here:
a spear of venom; a gnoll corpse
* * * LOW HITPOINT WARNING * * *
You feel very sick.
Things that are here:
a bat skeleton; a leopard gecko skeleton You die...

.....##.....#.#.##
#............####.#
#.#....).....)...<#
#.#........#.###### #####
# #.....##.#.# .....
#.....##.#.## #####
###.....))..#### #
.#......÷.>....##.#
#.......@#..÷.#.##)#
#...≈s≈....#.##.#.#.#
#..≈≈≈≈≈...#.##..# #.####
#..≈≈♣≈≈...#.##.## ##....
#..≈≈≈≈≈...#.##..###.####
♣...≈≈≈...♣##...#.#.##
♣.......♣♣ ###.##...#
♣.....♣♣ ..####.# ♣♣...♣
#### #.#


You could see a giant cockroach.

Vanquished Creatures
  2 orc priests (D:3)
  A worker ant (D:3)
  3 gnolls (D:3)
  2 adders (D:2)
  An ooze (D:1)
  6 worms (D:2)
  2 dart slugs
  2 leopard geckos
  7 orcs (D:3)
  A ball python (D:2)
  6 giant cockroaches
  12 goblins
  7 hobgoblins
  4 jackals
  10 kobolds
  2 quokkas (D:2)
  7 bats
  3 frilled lizards (D:3)
  4 rats
82 creatures vanquished.

Notes
Turn   | Place    | Note
-------+----------+-------------------------------------------
     0 | D:1      | Knicklaso the Minotaur Transmuter began the quest for the Orb.
     0 | D:1      | Reached XP level 1. HP: 16/16 MP: 1/1
   149 | D:1      | Reached XP level 2. HP: 24/24 MP: 3/3
   536 | D:1      | Reached XP level 3. HP: 28/30 MP: 4/4
  1382 | D:2      | Learned a level 2 spell: Sticks to Snakes
  1594 | D:2      | Reached XP level 4. HP: 38/38 MP: 5/5
  2288 | D:3      | Reached skill level 5 in Unarmed Combat
  2288 | D:3      | Reached XP level 5. HP: 33/46 MP: 4/6
  3046 | D:3      | Reached skill level 5 in Fighting
  3052 | D:3      | Gained mutation: You are resistant to hostile enchantments. (MR+) [potion of mutation]
  3052 | D:3      | Gained mutation: Your mind is acute. (Int +2) [potion of mutation]
  3052 | D:3      | Gained mutation: Your muscles are strong. (Str +2) [potion of mutation]
  3054 | D:3      | HP: 1/48 [poisoned by a gnoll]
  3055 | D:3      | Succumbed to a gnoll's poison

Skill      XL: |  1  2  3  4  5 |
---------------+----------------+-----
Fighting       | 2 3 4 5 |  5.0
Unarmed Combat | 4 5 |  5.6
Dodging        | |  2.1
Spellcasting   | |  1.3
Transmutations | |  1.5

Action                   |  1- 3 |  4- 6 || total
-------------------------+-------+-------++-------
Melee: Unarmed           |   103 |   107 ||   210
       Headbutt          |    12 |    17 ||    29
       Kick              |       |     7 ||     7
       Punch             |       |     2 ||     2
Throw: Stone             |    17 |    15 ||    32
 Cast: Beastly Appendage |     1 |     4 ||     5
       Sticks to Snakes  |     1 |       ||     1
  Use: Potion            |       |     1 ||     1
 Stab: Sleeping          |     3 |     1 ||     4
  Eat: Chunk             |     2 |     5 ||     7
Armor: Robe              |    13 |    11 ||    24
Dodge: Dodged            |    45 |    74 ||   119
